 Dungeon Crawl Stone Soup version 0.17-a0-1793-gcbb3aa1 (webtiles) character file.

12974 RobertPalmer the Carver (level 11, -1/58 (60) HPs)
             Began as a High Elf Chaos Knight on Sept 3, 2015.
             Slain by an unseen horror (3 damage)
             ... on level 11 of the Dungeon on Sept 10, 2015.
             The game lasted 00:38:24 (12102 turns).

RobertPalmer the Carver (High Elf Chaos Knight)    Turns: 12102, Time: 00:38:25

HP:   -1/58 (60)    AC: 18    Str:  9 (11) XL:     11   Next: 69%
MP:   12/12         EV:  7    Int: 24      God:    Xom [..*...]
Gold: 608           SH:  0    Dex: 18      Spells: 0 memorised, 10 levels left

rFire  . . .     SeeInvis .     a - +11 battleaxe "Subb" {chaos, rC+}
rCold  + . .     Clarity  .     x - +3 chain mail {rPois}
rNeg   . . .     SustAt   .     (no shield)
rPois  +         Gourm    .     o - +2 hat of Panentheism {rPois Int+4}
rElec  .         Spirit   .     g - +1 cloak
rCorr  .         Warding  .     q - +2 pair of gloves {Dex+3}
rMut   +         Stasis   .     (no boots)
MR     +....                    j - amulet of resist mutation {rMut, !d}
Stlth  ..........               p - +3 ring of evasion
                                U - ring of poison resistance {rPois, !d}

@: somewhat resistant to hostile enchantments, extremely unstealthy
A: breathe flames 1, deterioration 1, frail 1, mutation resistance 1
a: Renounce Religion, Breathe Fire


You were on level 11 of the Dungeon.
You worshipped Xom.
You were a toy of Xom.
You were very hungry.

You visited 1 branch of the dungeon, and saw 11 of its levels.
You also visited: Trove, Sewer and Ossuary.

You collected 929 gold pieces.
You spent 321 gold pieces at shops.

Inventory:

Hand weapons
 a - the +11 battleaxe "Subb" (weapon) {chaos, rC+}
   (Xom gifted it to you on level 5 of the Dungeon)

   Each time it hits an enemy it has a different, random effect.
   It protects you from cold.
Missiles
 C - a throwing net {=f, !d}
 L - 4 curare-tipped needles
Armour
 g - a +1 cloak (worn)
   (You found it on level 1 of the Dungeon)
 o - the +2 hat of Panentheism (worn) {rPois Int+4}
   (You found it in a treasure trove)

   It affects your intelligence (+4).
   It protects you from poison.
 q - a +2 pair of gloves of dexterity (worn)
   (You found it in a treasure trove)
 x - a +3 chain mail of poison resistance (worn)
   (You took it off Terence on level 3 of the Dungeon)
Jewellery
 i - an uncursed ring of protection from fire {rF+, !d}
   (You found it on level 1 of the Dungeon)
 j - an amulet of resist mutation (around neck) {rMut, !d}
   (You took it off a kobold on level 1 of the Dungeon)
 p - a +3 ring of evasion (right hand)
   (Xom gifted it to you in a sewer)
 z - an uncursed ring of protection from magic {MR+, !d}
   (You found it in a sewer)
 U - a ring of poison resistance (left hand) {rPois, !d}
   (You found it on level 8 of the Dungeon)
Magical devices
 s - a wand of slowing (18)
   (You found it on level 7 of the Dungeon)
Scrolls
 e - 3 scrolls of teleportation
 m - 3 scrolls of remove curse
 n - 2 scrolls of enchant weapon
 y - 2 scrolls of fog
 E - 3 scrolls of fear
 J - 2 scrolls of identify
 K - a scroll of vulnerability {!r!r}
 M - a scroll of enchant armour
Potions
 b - a potion of mutation {!q}
 d - 2 potions of magic
 k - 5 potions of curing
 l - 6 potions of flight
 t - 6 potions of lignification {!q}
 u - a potion of might
 B - 3 potions of poison
 D - 3 potions of brilliance
 F - a potion of ambrosia {!q}
 G - 2 potions of degeneration {!q}
 S - a potion of cure mutation {unknown}
 T - a potion of heal wounds {unknown}
 W - a potion of haste {unknown}
Books
 w - a book of the Sky
   (You found it on level 3 of the Dungeon)
 O - a Necronomicon
   (You found it on level 7 of the Dungeon)
 Q - a book of Spatial Translocations
   (You found it on level 7 of the Dungeon)
 R - a book of Burglary
   (You found it on level 8 of the Dungeon)
Comestibles
 c - 2 bread rations {@e1}
 f - 20 fruits
 h - 12 meat rations {@e2}


   Skills:
 - Level 3.0 Fighting
   Level 14.1 Long Blades
 - Level 12.0 Axes
 + Level 1.4 Armour
 - Level 2.1 Dodging


You had 10 spell levels left.
You didn't know any spells.

Dungeon Overview and Level Annotations

Branches:
Dungeon (11/15)            Temple (0/1) D:6             Orc (0/4) D:10
   Lair: D:8-11

Altars:
Ashenzari
Cheibriados
Dithmenos
Fedhas
Gozag
Makhleb
Nemelex Xobeh
Qazlal
Sif Muna
Trog
Vehumet
Yredelemnul
Zin
The Shining One

Shops:
D:6 [


Innate Abilities, Weirdness & Mutations

You can breathe flames.
Your body sometimes deteriorates upon taking damage.
You are frail (-10% HP).
You are somewhat resistant to further mutation.


Message History

The hippogriff claws you but does no damage.
The hippogriff bites you but does no damage.
The hippogriff pecks you but does no damage.
The hippogriff closely misses you.
You completely miss the hippogriff. The hippogriff bites you.
The hippogriff pecks you but does no damage.
The hippogriff barely misses you.
You take 2 damage, and have 56/58 hp.
You slash the hippogriff!
You kill the hippogriff!
Your Armour skill increases to level 1!
No target in view!
You are alive.
Your movement speed is average.
Your attack speed is below average.
Your base attributes are Str 11, Int 20, Dex 15.
You are somewhat resistant to hostile enchantments.
You are extremely unstealthy.
There is an open door here.
There is an open door here.
There is an open door here.
There is a stone staircase leading down here.
Health restored: 58 You climb downwards.
The killer bee stings you but does no damage. x3
There is a stone staircase leading up here.
The killer bee stings you.
Your body deteriorates!
You feel weakened.
You are poisoned.
The killer bee poisons you!
You take 6 damage, and have 52/58 hp.
You barely miss the killer bee.
You feel sick. The killer bee stings you.
The killer bee stings you but does no damage.
You take 2 damage, and have 50/58 hp.
You slash the killer bee!
You kill the killer bee!
Xom makes a sudden noise!
You hear a screech!
You hear a shout!
You hear a howl!
You hear an angry buzzing noise.
You hear a horrible gurgling sound!
You hear a shout!
You hear a shout!
You hear a shout! x3
You hear a howl!
The killer bee barely misses you.
You miss the killer bee.
You feel sick.
The killer bee stings you but does no damage.
You take 1 damage, and have 49/58 hp.
You hit the hill giant. The hill giant barely misses you.
You slash the hill giant! You freeze the hill giant. You hit the hill giant.
There is a sudden explosion of sparks!
You feel sick.
The hill giant hits you with a giant spiked club!!
You emit a cloud of colourful smoke!
You take 25 damage, and have 25/58 hp.
MASSIVE DAMAGE!!
You slash the hill giant!
You hear strange voices.
The hill giant hits you with a giant spiked club!
* * * LOW HITPOINT WARNING * * *
A shower of butterflies erupts from you!
You take 15 damage, and have 10/58 hp.
MASSIVE DAMAGE!!
You swap places.
An orc warrior comes into view. It is wielding a battleaxe.
There is a stone staircase leading down here.
Unknown command.
You swap places.
The killer bee completely misses your butterfly.
The hill giant completely misses your butterfly.
The killer bee barely misses your butterfly.
Unknown command.
You swap places.
An ogre comes into view. It is wielding a giant spiked club.
You feel sick.
The ogre shouts!
The killer bee misses your butterfly.
The killer bee barely misses your butterfly.
The hill giant completely misses your butterfly.
The cyan ugly thing gurgles horribly!
The killer bee misses your butterfly. x2
The orc warrior hits your butterfly with a battleaxe.
Your butterfly dies!
Found a stone staircase leading down.
A troll comes into view.
The troll moves out of view.
A centaur zombie comes into view.
You feel sick.
You take 1 damage, and have 9/58 hp.
An orc comes into view. It is wielding a dagger.
You feel sick.
You are no longer poisoned.
A crocodile comes into view.
You take 1 damage, and have 9/58 hp.
A warg comes into view.
The warg howls!
Something hits you but does no damage.
Deactivating autopickup; reactivate with Ctrl-A.
Something hits you!
* * * LOW HITPOINT WARNING * * *
You take 7 damage, and have 2/58 hp.
You closely miss something. Something hits you.
You die...
Xom howls with laughter!

.#.###.....#O..#
..........b..#.#
.>..T......###.#
....#.....###..# .
.........o.b§..# $#
......u..#.>##.######...
........###§y<.........
.........#####.....#..#.
.....#...T.b...@<.h.....
.... #..####.#..........
... #..# #..o#.####...
.. ....##.......# ? #
..............#
#..##.##......... ...
#.............(
.....t........
...#.......#...


You could see a troll, a warg, an orc warrior, a crocodile, a killer bee and an
orc.

Vanquished Creatures
  A queen ant (D:9)
  Pikel (D:5)
  A hill giant (D:10)
  Joseph (D:7)
  2 trolls
  Grinder (D:5)
  A spriggan (D:10)
  A deep elf mage (D:10)
  2 wyverns (D:9)
  A hill giant zombie (D:10)
  Eustachio (D:7)
  5 hungry ghosts
  Edmund (D:5)
  3 hippogriffs
  A porcupine (D:9)
  13 soldier ants
  A water moccasin (D:10)
  Duvessa (D:4)
  Purgy (Sewer)
  6 ice beasts
  A necrophage (D:10)
  2 phantoms
  3 sky beasts
  A wasp (D:9)
  4 orc warriors
  2 slaves (D:5)
  2 ogres
  6 giant frogs
  4 centaurs
  3 big kobolds
  A wyvern zombie (D:9)
  Dowan (D:4)
  4 scorpions
  7 killer bees
  5 wights (D:10)
  4 jellies
  4 crimson imps
  7 orc priests
  3 iguanas
  4 giant frog skeletons
  Ijyb (D:3)
  12 hounds
  2 centaur skeletons
  A giant frog zombie (D:7)
  6 orc wizards
  42 worker ants
  5 ogre zombies (D:10)
  A hound skeleton (D:9)
  13 mummies
  A worker ant zombie (D:5)
  12 gnolls
  13 adders
  2 shadow imps
  2 adder skeletons (D:9)
  2 oozes
  5 worms
  7 giant geckos
  36 orcs
  25 hobgoblins
  9 jackals
  8 quokkas
  7 bats
  4 giant cockroaches
  15 giant newts
  2 gnoll skeletons (Ossuary)
  25 goblins
  2 goblin skeletons
  3 goblin zombies
  2 hobgoblin skeletons (D:10)
  8 kobolds
  A kobold skeleton (Ossuary)
  6 orc skeletons
  11 orc zombies (D:10)
  2 quokka skeletons
  7 rats
  11 rat skeletons (Ossuary)
424 creatures vanquished.

Vanquished Creatures (collateral kills)
  A soldier ant (D:9)
  2 jellies (D:9)
  Terence (D:3)
  A worker ant (D:9)
  Robin (D:3)
  A gnoll (D:4)
  A shadow imp (D:10)
  An adder zombie (D:9)
  An orc (D:3)
  A bat (D:3)
  A giant cockroach (D:4)
  4 goblins
  A hobgoblin (D:3)
  A quokka (shapeshifter) (D:4)
  A kobold (D:4)
  An orc zombie (D:10)
  2 rats (D:3)
22 creatures vanquished.

Vanquished Creatures (others)
  A giant frog zombie (D:5)
  A gnoll (D:5)
  An adder (D:3)
  A worm (D:3)
  7 goblins (D:3)
  2 hobgoblins
  An orc skeleton (Ossuary)
14 creatures vanquished.

Grand Total: 460 creatures vanquished

Notes
Turn   | Place    | Note
--------------------------------------------------------------
     0 | D:1      | RobertPalmer the High Elf Chaos Knight began the quest for the Orb.
     0 | D:1      | Reached XP level 1. HP: 16/16 MP: 2/2
   130 | D:1      | Reached skill level 4 in Long Blades
   148 | D:1      | Reached XP level 2. HP: 19/21 MP: 3/3
   250 | D:1      | XOM: divination: detect creatures
   564 | D:2      | Reached skill level 5 in Long Blades
   619 | D:2      | Reached XP level 3. HP: 26/26 MP: 4/4
   673 | D:2      | Found a shattered altar of Ashenzari.
   907 | D:2      | XOM: mild Fire miscast
   982 | D:2      | Found a blossoming altar of Fedhas.
  1215 | D:2      | XOM: colour smoke trail
  1285 | D:3      | Noticed Robin
  1286 | D:3      | Noticed Terence
  1287 | D:3      | XOM: destruction
  1295 | D:3      | Killed Terence
  1295 | D:3      | Reached skill level 6 in Long Blades
  1295 | D:3      | Reached XP level 4. HP: 31/31 MP: 5/5
  1306 | D:3      | Killed Robin
  1341 | D:3      | Found a faded altar to an unknown god.
  1496 | D:3      | Noticed Ijyb
  1496 | D:3      | XOM: mild Erth miscast
  1555 | D:3      | Killed Ijyb
  1555 | D:3      | Reached skill level 7 in Long Blades
  1555 | D:3      | Reached XP level 5. HP: 12/36 MP: 6/6
  1714 | D:3      | XOM: divination: detect creatures
  1898 | D:3      | Found a burning altar of Makhleb.
  1969 | D:3      | Found a radiant altar of Vehumet.
  2073 | D:4      | XOM: potion effect (haste)
  2086 | D:4      | XOM: summons friendly quasit
  2184 | D:4      | Noticed Eustachio
  2188 | D:4      | Found a glowing drain.
  2205 | D:4      | XOM: fake destruction
  2210 | D:4      | Reached skill level 8 in Long Blades
  2213 | D:4      | XOM: enchant monster (good)
  2220 | D:4      | XOM: confuse monster(s)
  2234 | Sewer    | Entered a sewer
  2304 | Sewer    | Noticed Purgy
  2317 | Sewer    | Killed Purgy
  2317 | Sewer    | Reached XP level 6. HP: 17/42 MP: 7/7
  2368 | Sewer    | XOM: god gift: blackened garnet ring {god gift}
  2494 | D:4      | Found a glowing silver altar of Zin.
  2513 | D:4      | Noticed Duvessa
  2513 | D:4      | Noticed Dowan
  2520 | D:4      | Killed Duvessa
  2520 | D:4      | Reached skill level 9 in Long Blades
  2542 | D:4      | Killed Dowan
  2542 | D:4      | Reached XP level 7. HP: 35/46 MP: 8/8
  2581 | D:4      | Noticed an ogre
  2594 | D:4      | Killed an ogre
  2600 | D:4      | Reached skill level 10 in Long Blades
  2613 | D:4      | XOM: harmless Pois miscast
  2659 | D:4      | HP: 11/46 [hound (5)]
  2798 | D:4      | XOM: silly message
  3296 | D:4      | XOM: divination: magic mapping
  3397 | D:4      | XOM: blink monster(s)
  3416 | D:4      | XOM: divination: detect items
  3453 | D:4      | XOM: destruction
  3457 | D:4      | Reached skill level 11 in Long Blades
  3460 | D:4      | XOM: summons friendly shadow imp
  3466 | D:4      | XOM: polymorph kobold -> quokka
  3503 | D:4      | XOM: silly message
  3640 | D:4      | Reached XP level 8. HP: 47/52 MP: 9/9
  3982 | D:5      | Entered Level 5 of the Dungeon
  4018 | D:5      | XOM: harmless Trmt miscast
  4027 | D:5      | XOM: harmless Trmt miscast
  4041 | D:5      | XOM: silly message
  4046 | D:5      | Reached skill level 12 in Long Blades
  4083 | D:5      | XOM: divination: magic mapping
  4089 | D:5      | Noticed Grinder
  4089 | D:5      | Paralysed by Grinder for 7 turns
  4092 | D:5      | XOM: swap monsters
  4108 | D:5      | Killed Grinder
  4128 | D:5      | Noticed Edmund
  4142 | D:5      | Killed Edmund
  4205 | D:5      | Reached skill level 13 in Long Blades
  4206 | D:5      | XOM: noise
  4253 | D:5      | XOM: god gift: beef jerky
  4268 | D:5      | Noticed Pikel
  4295 | D:5      | Killed Pikel
  4295 | D:5      | Reached XP level 9. HP: 56/56 MP: 10/10
  4371 | D:5      | Reached skill level 14 in Long Blades
  4408 | D:5      | Found a sparkling altar of Nemelex Xobeh.
  4486 | D:5      | XOM: fog
  4671 | D:5      | Found a basalt altar of Yredelemnul.
  4682 | D:5      | XOM: medium Hex miscast
  4717 | D:5      | XOM: god gift: dazzling battleaxe {god gift}
  4718 | D:5      | Got a dazzling battleaxe {god gift}
  4719 | D:5      | Identified the +11 battleaxe "Subb" {chaos, rC+} (Xom gifted it to you on level 5 of the Dungeon)
  4864 | D:6      | XOM: mild Air miscast
  4866 | D:6      | XOM: noise
  4876 | D:6      | Reached skill level 1 in Axes
  4915 | D:6      | Found Rer Yll's Antique Armour Shoppe.
  4950 | D:6      | Bought a spiked helmet for 218 gold pieces
  4950 | D:6      | Bought a pair of embroidered gloves for 103 gold pieces
  4960 | D:6      | Identified the +1 helmet "Waxy" {rN+ Str+2} (You bought it in a shop on level 6 of the Dungeon)
  4984 | D:6      | XOM: 1-stop teleportation journey
  5011 | D:6      | Found a sand-covered staircase.
  5016 | D:6      | XOM: smoke on damage
  5032 | Ossuary  | Entered an ossuary
  5194 | Ossuary  | Reached skill level 2 in Axes
  5513 | D:6      | XOM: god gift: ring mail {god gift}
  5600 | D:6      | XOM: colour smoke trail
  5614 | D:6      | Found a staircase to the Ecumenical Temple.
  5674 | D:6      | Reached skill level 3 in Axes
  5704 | D:6      | Found an opulent altar of Gozag.
  5718 | D:6      | XOM: harmless Ice miscast
  5931 | D:6      | Found a deep blue altar of Sif Muna.
  6158 | D:7      | Reached skill level 4 in Axes
  6210 | D:7      | XOM: mild Conj miscast
  6244 | D:7      | Noticed Joseph
  6262 | D:7      | HP: 6/56 [Joseph/uncursed quarterstaff (13)]
  6268 | D:7      | XOM: enchant monster (bad)
  6273 | D:7      | Killed Joseph
  6273 | D:7      | Reached skill level 5 in Axes
  6372 | D:7      | XOM: silly message
  6373 | D:7      | Upgraded the game from 0.17-a0-1760-ga6756ae to 0.17-a0-1793-gcbb3aa1
  6375 | D:7      | Found a stormy altar of Qazlal.
  6483 | D:7      | XOM: confuse monster(s)
  6485 | D:7      | Reached skill level 6 in Axes
  6514 | D:7      | XOM: silly message
  6565 | D:7      | Found a shadowy altar of Dithmenos.
  6658 | D:7      | Reached XP level 10. HP: 52/63 MP: 11/11
  6874 | D:7      | Killed Eustachio
  6916 | D:7      | XOM: cast spell 'Cause Fear'
  6920 | D:7      | Reached skill level 7 in Axes
  6921 | D:7      | XOM: enchant monster (bad)
  6933 | D:7      | XOM: blink monster(s)
  7306 | D:8      | Found a glowing golden altar of the Shining One.
  7322 | D:8      | XOM: confuse monster(s)
  7355 | D:8      | Found a bloodstained altar of Trog.
  7436 | D:9      | XOM: enchant monster (bad)
  7483 | D:9      | Found a snail-covered altar of Cheibriados.
  7696 | D:9      | XOM: destruction
  7710 | D:9      | XOM: blink monster(s)
  7716 | D:9      | XOM: polymorph worker ant -> worm
  7719 | D:9      | Noticed a queen ant
  7722 | D:9      | XOM: swap monsters
  7773 | D:9      | XOM: swap monsters
  7774 | D:9      | XOM: divination: magic mapping
  7777 | D:9      | HP: 14/63 [poisoned by a soldier ant]
  7780 | D:9      | XOM: harmless Air miscast
  7783 | D:9      | XOM: polymorph worker ant -> wasp
  7789 | D:9      | XOM: cast spell 'Metabolic Englaciation'
  7797 | D:9      | HP: 9/63 [queen ant (13)]
  7797 | D:9      | HP: 1/63 [wasp (8)]
  7813 | D:9      | XOM: silly message
  7820 | D:9      | XOM: enchant monster (good)
  7831 | D:10     | Entered Level 10 of the Dungeon
  7833 | D:10     | XOM: enchant monster (good)
  7842 | D:10     | Reached skill level 8 in Axes
  7847 | D:10     | Noticed a hill giant
  7859 | D:10     | XOM: mild Chrm miscast
  7861 | D:10     | XOM: enchant monster (bad)
  8502 | D:8      | XOM: noise
  8514 | D:8      | XOM: divination: detect creatures
  8524 | D:8      | Reached skill level 9 in Axes
  8722 | D:8      | XOM: summons friendly crimson imp
  8723 | D:8      | XOM: smoke on damage
  8765 | D:8      | XOM: silly message
  8918 | D:9      | XOM: confusion (+ monsters)
  8932 | D:9      | XOM: confuse monster(s)
  8989 | D:9      | XOM: mild Fire miscast
  9006 | D:9      | XOM: noise
  9132 | D:9      | XOM: harmless Chrm miscast
  9146 | D:9      | XOM: silly message
  9165 | D:9      | XOM: harmless Necr miscast
  9171 | D:9      | XOM: 2-stop teleportation journey
  9237 | D:9      | Reached skill level 10 in Axes
  9275 | D:9      | XOM: harmless Chrm miscast
  9293 | D:9      | XOM: cast spell 'Summon Ice Beast'
  9294 | D:9      | XOM: cast spell 'Statue Form'
  9297 | D:9      | Reached XP level 11. HP: 66/67 MP: 12/12
  9306 | D:9      | Killed a queen ant
  9394 | D:9      | HP: 13/67 [soldier ant (10)]
  9480 | D:9      | HP: 16/67 [centaur/arrow (2)]
  9498 | D:9      | XOM: enchant monster (good)
  9516 | D:9      | XOM: medium Trmt miscast
  9561 | D:9      | Gained mutation: You are weak. (Str -2) [mutagenic glow]
  9995 | D:9      | XOM: harmless Ice miscast
 10177 | D:9      | Reached skill level 11 in Axes
 10244 | D:10     | XOM: blink monster(s)
 10282 | D:10     | XOM: summons 3 friendly demons
 10284 | D:10     | XOM: mild Chrm miscast
 10293 | D:10     | XOM: mild Ice miscast
 10298 | D:10     | XOM: silly message
 10301 | D:10     | XOM: medium Chrm miscast
 10319 | D:9      | XOM: give mutations
 10319 | D:9      | Gained mutation: You are frail (-10% HP). [Xom's mischief]
 10319 | D:9      | Gained mutation: Your body sometimes deteriorates upon taking damage. [Xom's mischief]
 10546 | D:10     | XOM: give mutations
 10546 | D:10     | Gained mutation: You are somewhat resistant to further mutation. [Xom's grace]
 10546 | D:10     | Lost mutation: You are weak. (Str -2) [Xom's grace]
 10546 | D:10     | Gained mutation: You can breathe flames. [Xom's grace]
 10557 | D:10     | Found a staircase to the Orcish Mines.
 10562 | D:10     | XOM: divination: detect creatures
 10709 | D:10     | XOM: harmless Ice miscast
 11061 | D:10     | Found a portal to a secret trove of treasure.
 11094 | D:10     | You paid a toll of 5 scrolls of blinking to enter a treasure trove
 11095 | Trove    | Entered a treasure trove
 11102 | Trove    | Got a warped hat
 11113 | Trove    | Identified the +2 hat of Panentheism {rPois Int+4} (You found it in a treasure trove)
 11116 | Trove    | Got a pair of brightly glowing boots
 11122 | Trove    | Identified the +0 pair of boots of Light {-Tele rC+ SInv} (You found it in a treasure trove)
 11148 | Trove    | Got a warped robe
 11150 | Trove    | Got a heavily runed leather armour
 11153 | Trove    | Got a pitted helmet
 11156 | Trove    | Got a shimmering leather armour
 11159 | Trove    | Got an ichor-stained buckler
 11162 | Trove    | Got a distressingly furry shield
 11180 | Trove    | Identified the cursed +1 leather armour "Godghoh" {*Corrode Str+5 SInv} (You found it in a treasure trove)
 11191 | Trove    | Identified the +1 leather armour "Dauzime" {MP+9 Str+2 Int-4 Dex+2} (You found it in a treasure trove)
 11201 | Trove    | Identified the cursed +0 robe of Ru's Pride {Str+3} (You found it in a treasure trove)
 11212 | Trove    | Identified the +1 helmet "Rookku" {Str+7 Int-4 SInv} (You found it in a treasure trove)
 11410 | D:10     | Noticed a hill giant
 11411 | D:10     | XOM: potion effect (agility)
 11413 | D:10     | Noticed a hill giant
 11416 | D:10     | Killed a hill giant
 11416 | D:10     | Reached skill level 12 in Axes
 11507 | D:10     | Noticed a cyan ugly thing
 11511 | D:10     | XOM: butterfly on damage
 12049 | D:11     | Noticed a hill giant
 12058 | D:10     | Reached skill level 1 in Armour
 12083 | D:11     | XOM: noise
 12087 | D:11     | XOM: smoke on damage
 12088 | D:11     | HP: 10/58 [hill giant/giant spiked club (15)]
 12088 | D:11     | XOM: butterfly on damage
 12095 | D:11     | HP: 9/58 [poisoned by a killer bee]
 12101 | D:11     | HP: 2/58 [something (8)]
 12102 | D:11     | Slain by an unseen horror

Vault maps used:
D:1:      dpeg_arrival_houses_and_road, minmay_newt_pond
D:2:      ashenzari_altar_1, lemuel_coloured_pillars_altar, st_stairs_1,
          minmay_liquid_box
D:3:      lemuel_doored_altar, makhleb_heckhound_becter, ecumenical_altar_1,
          uniq_iyjb, uniq_robin, uniq_terence
D:4:      minmay_goblin_kobold_castle, kennysheep_mini, gup_sewer_entry_glass,
          st_stairs_5, hangedman_abyss_or_decor_slice, minmay_close_crescents,
          uniq_eustachio, uniq_duvessa
D:5:      yredelemnul_altar_generic, first_bread, nemelex_diamond_rough_becter,
          uniq_pikel, uniq_edmund, uniq_grinder
D:6:      kennysheep_mini_moat, led_sif_book,
          minmay_temple_entry_enclosed_plants, serial_shops, shop,
          nicolae_ossuary_entry_giza
D:7:      minmay_opposing_rooms, general_overflow_altar, lemuel_crystal_altar,
          minmay_misc_feat_four_crosses, uniq_joseph
D:8:      lightli_temple_of_fire, nicolae_tso_carved_into_rock
D:9:      minmay_quarter_circles, nicolae_overflow_crystal_walls, zaba_anthell
D:10:     zombieorc1_lemuel, nicolae_trove_entry_crystal, hangedman_stone_soup,
          minmay_holes
D:11:     erik_lair_orcish_takeover, special_room, basic_altar,
          hangedman_decor_riveting, uniq_gastronok
Trove:    trove_armour_2
Sewer:    kennysheep_door_sewer
Ossuary:  ossuary_due_small_catacomb

Action                   |  1- 3 |  4- 6 |  7- 9 | 10-12 || total
-------------------------+-------+-------+-------+-------++-------
Melee: Falchion          |   115 |   203 |   533 |       ||   851
       Battleaxe         |       |       |   156 |   504 ||   660
Evoke: Wand              |       |     1 |       |     7 ||     8
  Use: Scroll            |     5 |     5 |     4 |    18 ||    32
       Potion            |       |     2 |     7 |     8 ||    17
 Stab: Sleeping          |     2 |       |       |       ||     2
       Paralysed         |       |     3 |    11 |     5 ||    19
       Petrifying        |       |     1 |     2 |     1 ||     4
       Confused          |       |       |     6 |     2 ||     8
       Petrified         |       |       |     4 |     1 ||     5
       Invisible         |       |       |     1 |     4 ||     5
  Eat: Chunk             |     1 |     5 |    11 |    20 ||    37
       Beef jerky        |       |       |     1 |     3 ||     4
       Royal jelly       |       |       |     1 |     2 ||     3
       Bread ration      |       |       |       |     5 ||     5
       Pizza             |       |       |       |     2 ||     2

Vault maps used:
D:1:      dpeg_arrival_houses_and_road, minmay_newt_pond
D:2:      ashenzari_altar_1, lemuel_coloured_pillars_altar, st_stairs_1,
          minmay_liquid_box
D:3:      lemuel_doored_altar, makhleb_heckhound_becter, ecumenical_altar_1,
          uniq_iyjb, uniq_robin, uniq_terence
D:4:      minmay_goblin_kobold_castle, kennysheep_mini, gup_sewer_entry_glass,
          st_stairs_5, hangedman_abyss_or_decor_slice, minmay_close_crescents,
          uniq_eustachio, uniq_duvessa
D:5:      yredelemnul_altar_generic, first_bread, nemelex_diamond_rough_becter,
          uniq_pikel, uniq_edmund, uniq_grinder
D:6:      kennysheep_mini_moat, led_sif_book,
          minmay_temple_entry_enclosed_plants, serial_shops, shop,
          nicolae_ossuary_entry_giza
D:7:      minmay_opposing_rooms, general_overflow_altar, lemuel_crystal_altar,
          minmay_misc_feat_four_crosses, uniq_joseph
D:8:      lightli_temple_of_fire, nicolae_tso_carved_into_rock
D:9:      minmay_quarter_circles, nicolae_overflow_crystal_walls, zaba_anthell
D:10:     zombieorc1_lemuel, nicolae_trove_entry_crystal, hangedman_stone_soup,
          minmay_holes
D:11:     erik_lair_orcish_takeover, special_room, basic_altar,
          hangedman_decor_riveting, uniq_gastronok
Trove:    trove_armour_2
Sewer:    kennysheep_door_sewer
Ossuary:  ossuary_due_small_catacomb

Table legend:
 A = Turns spent in this place as a percentage of turns spent in the entire game.
 B = Non-inter-level travel turns spent in this place as a percentage of non-inter-level travel turns spent in the entire game.
 C = Inter-level travel turns spent in this place as a percentage of turns spent in this place.
 D = Turns resting spent in this place as a percentage of non-inter-level travel turns spent in this place.
 E = Turns spent auto-exploring this place as a percentage of non-inter-level travel turns spent in this place.
 F = Non-inter-level travel turns spent in this place divided by the number of levels of this place that you've seen.
                   A       B       C       D       E      F
               +-------+-------+-------+-------+-------+----------------------
         Total | 100.0 | 100.0 |   0.4 |   1.7 |   8.0 | 364.4
       Dungeon |  92.3 |  92.3 |   0.4 |   1.8 |   7.9 | 428.2
         Trove |   1.1 |   1.1 |   0.0 |   0.0 |   0.0 |  56.0
         Sewer |   2.1 |   2.2 |   0.0 |   1.8 |  10.9 | 110.0
       Ossuary |   4.4 |   4.4 |   0.0 |   1.8 |  11.9 | 226.0
               +-------+-------+-------+-------+-------+----------------------

Table legend:
 A = Kills in this place as a percentage of kills in entire the game.
 B = Kills by you in this place as a percentage of kills by you in the entire game.
 C = Kills by friends in this place as a percentage of kills by friends in the entire game.
 D = Other kills in this place as a percentage of other kills in the entire game.
 E = Experience gained in this place as a percentage of experience gained in the entire game.
 F = Experience gained in this place divided by the number of levels of this place that you have seen.
                   A       B       C       D       E      F
               +-------+-------+-------+-------+-------+----------------------
         Total | 100.0 | 100.0 | 100.0 | 100.0 | 100.0 | 1323.9
       Dungeon |  92.1 |  91.7 | 100.0 | 100.0 |  98.0 | 1650.6
         Sewer |   1.4 |   1.4 |   0.0 |   0.0 |   0.8 | 152.0
       Ossuary |   6.5 |   6.9 |   0.0 |   0.0 |   1.2 | 226.0
               +-------+-------+-------+-------+-------+----------------------
